 Dungeon Crawl Stone Soup version 0.30.2 (webtiles) character file.

Game seed: 13505952083773975670

241 porpoise the Shooter (level 6, -1/47 HPs)
             Began as a Human Hunter on Mar 20, 2024.
             Slain by Blork the orc
             ... wielding a +0 scimitar
              (10 damage)
             ... on level 4 of the Dungeon.
             The game lasted 00:06:32 (2886 turns).

porpoise the Shooter (Human Hunter)                 Turns: 2886, Time: 00:06:32

Health: -1/47      AC:  9    Str: 12    XL:     6   Next: 30%
Magic:  6/6        EV: 11    Int:  9    God:
Gold:   185        SH:  0    Dex: 18    Spells: 5/5 levels left

rFire   . . .        a - +0 shortbow
rCold   . . .        (shield currently unavailable)
rNeg    . . .        m - +0 ring mail
rPois   .            (no helmet)
rElec   .            l - +0 cloak
rCorr   .            f - +2 pair of gloves
SInv    .            (no boots)
Will    .....        (no amulet)
Stlth   ++           (no ring)
HPRegen 0.27/turn    (no ring)
MPRegen 0.10/turn

%: no passive effects
@: no status effects
A: no striking features
a: no special abilities


You were on level 4 of the Dungeon.
You visited 1 branch of the dungeon, and saw 4 of its levels.

You collected 185 gold pieces.

Inventory:

Hand Weapons
 a - a +0 shortbow (weapon)
 b - the +3 dagger of porpoise's Anguish {spect, Stlth+}
   (You found it on level 2 of the Dungeon)

   Stlth:     It makes you more stealthy.
Armour
 f - a +2 pair of gloves (worn)
 l - a +0 cloak (worn)
 m - a +0 ring mail (worn)
 n - the +5 ring mail of the Morning Star {Harm Rampage rElec Dex-2}
   (You found it on level 4 of the Dungeon)

   Dex:       It affects your dexterity (-2).
   rElec:     It insulates you from electricity.
   Harm:      It increases damage dealt and taken.
   Rampage:   It bestows one free step when moving towards enemies.
Wands
 g - a wand of iceblast (14)
Scrolls
 e - 3 scrolls of fear
 h - 4 scrolls of teleportation
 i - a scroll of immolation
 o - 3 scrolls of noise
 q - 5 scrolls of identify
 s - a scroll of torment
Potions
 c - 2 potions of heal wounds
 d - 2 potions of lignification
 j - a potion of curing
 k - a potion of berserk rage


   Skills:
 + Level 3.4 Fighting
 * Level 5.8 Ranged Weapons
 - Level 2.0 Dodging
 + Level 3.1 Stealth


You had 5 spell levels left.
You didn't know any spells.
Your spell library contained the following spells:

 Spells                   Type           Power      Damage    Failure   Level
 Magic Dart               Conj           0%         1d3       67%         1
 Blink                    Tloc           0%         N/A       80%         2
 Lesser Beckoning         Tloc           0%         N/A       80%         2
 Momentum Strike          Conj/Tloc      0%         3d8       80%         2
 Searing Ray              Conj           0%         2d4       80%         2
 Gell's Gravitas          Tloc           0%         N/A       95%         3
 Teleport Other           Tloc           0%         N/A       95%         3
 Fulminant Prism          Conj/Hex       0%         3d5       100%        4


Dungeon Overview and Level Annotations

Branches:
Dungeon (4/15)
 Temple: D:4-7

Altars:
Fedhas
Hepliaklqana
Okawaru
Xom
The Shining One

Annotations:
D:4 Blork the orc


Message History

Blork the orc screams, "I'll make a cloak from your skin!"
Blork the orc gestures at you while chanting.
The puff of flame hits you but does no damage.
You shoot an arrow. The arrow barely misses Blork the orc.
Blork the orc hits you with a +0 scimitar!
You shoot an arrow. The arrow hits Blork the orc.
Blork the orc is lightly wounded.
Blork the orc hits you with a +0 scimitar!
You shoot an arrow.
The arrow hits Blork the orc but does no damage.
Blork the orc is lightly wounded.
Blork the orc hits you with a +0 scimitar!
You feel a bond with the +3 dagger of porpoise's Anguish {spect, Stlth+}.
b - the +3 dagger of porpoise's Anguish (weapon)
{spect, Stlth+} Blork the orc completely misses you.
You hit Blork the orc.
Blork the orc is lightly wounded.
Blork the orc hits you but does no damage.
You hit Blork the orc.
Blork the orc is lightly wounded.
Blork the orc barely misses you.
You closely miss Blork the orc.
Blork the orc is lightly wounded.
Blork the orc barely misses you.
You closely miss Blork the orc.
Blork the orc is lightly wounded.
Blork the orc hits you with a +0 scimitar!
* * * LOW HITPOINT WARNING * * *
You hit Blork the orc.
Blork the orc is lightly wounded.
Blork the orc hits you with a +0 scimitar.
* * * LOW HITPOINT WARNING * * *
a - a +0 shortbow (weapon)
You shoot an arrow. The arrow closely misses Blork the orc.
Blork the orc looks angry.
Blork the orc hits you but does no damage. x2
You shoot an arrow. The arrow hits Blork the orc!
Blork the orc is heavily wounded.
Blork the orc hits you with a +0 scimitar!
You die...

#+# #.# #.# ######
##.####.....
##...##...##.
##............ ##.##
#......_.....)
......#####.##.........)
#....o@....##.....8.._.
#############...[......
#.#._...).# #.#.......#
####.##....###
#.......#### ########
#.##.#.## ##.......#
#.##.#.####### .. .....#
#.##).........


You could see Blork the orc.

Vanquished Creatures
  A scorpion (D:3)
  Jessica (D:3)
  2 orc wizards (D:3)
  2 adders
  A worm (D:2)
  3 dart slugs
  10 orcs
  8 bats
  5 endoplasms
  A giant cockroach (D:2)
  4 goblins
  5 hobgoblins
  A jackal (D:2)
  3 quokkas
  9 ball pythons
  5 frilled lizards
  10 kobolds
  8 rats
79 creatures vanquished.

Notes
Turn   | Place    | Note
-------+----------+-------------------------------------------
     0 | D:1      | porpoise the Human Hunter began the quest for the Orb.
     0 | D:1      | Reached XP level 1. HP: 16/16 MP: 1/1
    70 | D:1      | Reached XP level 2. HP: 22/22 MP: 2/2
   206 | D:1      | Found a faded altar of an unknown god.
   614 | D:2      | Reached XP level 3. HP: 27/27 MP: 3/3
   658 | D:2      | Identified the +3 dagger of porpoise's Anguish {spect,
                  | Stlth+}
  1394 | D:3      | Reached XP level 4. HP: 24/34 MP: 4/4
  1654 | D:3      | Reached skill level 5 in Ranged Weapons
  1660 | D:3      | Reached XP level 5. HP: 35/40 MP: 5/5
  1913 | D:3      | Noticed Jessica
  1929 | D:3      | Killed Jessica
  2299 | D:3      | Reached XP level 6. HP: 26/47 MP: 6/6
  2591 | D:4      | Found a blossoming altar of Fedhas.
  2615 | D:4      | Identified the +5 ring mail of the Morning Star {Harm
                  | Rampage rElec Dex-2}
  2622 | D:4      | Found a shimmering altar of Xom.
  2639 | D:4      | Found a hazy altar of Hepliaklqana.
  2722 | D:4      | Found an iron altar of Okawaru.
  2722 | D:4      | Found a glowing golden altar of the Shining One.
  2873 | D:4      | Noticed Blork the orc
  2886 | D:4      | Slain by Blork the orc

Illustrated notes

Levels and vault maps discovered:
D:1:      grunt_arrival_crossed_arrows, layout_rooms,
          hellmonk_ecumenical_altar_arch_garden
D:2:      layout_basic, minmay_misc_feat_doors, minmay_pentomino_v2
D:3:      layout_rooms, minmay_fractal_squares_diagonal_5, uniq_jessica
D:4:      layout_loops_corners, grunt_temple_overflow_open,
          lemuel_crystal_altar, lemuel_crystal_altar,
          nicolae_ossuary_entry_ruins, dk_noncrumbling_4,
          uniq_crazy_yiuf_cottage, uniq_blork_the_orc

Skill      XL: |  1  2  3  4  5 |
---------------+----------------+-----
Stealth        | 2 3 |  3.1
Ranged Weapons | 5 |  5.8
Fighting       | 3 |  3.4
Dodging        | |  2.0

Action                     |  1- 3 |  4- 6 || total
---------------------------+-------+-------++-------
  Melee: Dagger            |     2 |    26 ||    28
   Fire: Shortbow          |    86 |   100 ||   186
         Sling             |     2 |       ||     2
    Use: Scroll            |     5 |     5 ||    10
 Armour: Leather armour    |     5 |       ||     5
         Ring mail         |     2 |    38 ||    40
  Dodge: Dodged            |    11 |    54 ||    65
